 Dungeon Crawl Stone Soup version 0.30.1-9-gdf580d7c3d (webtiles) character file.

Game seed: 3528789395705645558

87847 pkoi the Brawler (level 15, -25/126 HPs)
             Began as a Pale Draconian Monk on Oct 21, 2023.
             Was a High Priest of Dithmenos.
             Killed from afar by an eleionoma (34 damage)
             ... with a spray of wooden splinters
             ... on level 1 of the Swamp on Oct 23, 2023.
             The game lasted 00:49:55 (26499 turns).

pkoi the Brawler (Pale Draconian Monk)             Turns: 26499, Time: 00:49:56

Health: -25/126    AC: 15    Str: 20    XL:     15   Next: 44%
Magic:  24/24      EV: 18    Int: 17    God:    Dithmenos [*****.]
Gold:   207        SH: 21    Dex: 25    Spells: 17/20 levels left

rFire   + .          .
                       - Unarmed
rCold   + . .        B - +2 kite shield {reflect}
rNeg    + + +        (body armour unavailable)
rPois   +            J - +2 hat
rElec   +            W - scarf {rC+ rF+}
rCorr   .            E - +0 pair of fencer's gloves {Riposte Dex+3}
SInv    +            V - +2 pair of boots of Atopar {Drain rElec Str+5 SInv}
Will    +....        R - amulet of the Imp {Reflect -Cast rPois rN+++ Dex+3 SH+5}
Stlth   +++++        U - ring of Shadows {Umbra +Inv Stlth+}
HPRegen 0.41/turn    c - +6 ring of dexterity
MPRegen 0.19/turn

%: no spellcasting, reflection
@: short of breath, wreathed by umbra, very slow
A: breathe steam, AC +9, unfitting armour, cold-blooded, steam resistance
a: Breathe Steam, Renounce Religion, Evoke Invisibility, Shadow Step, Shadow
Form


You were on level 1 of the Swamp.
You worshipped Dithmenos.
Dithmenos was extremely pleased with you.
You visited 5 branches of the dungeon, and saw 20 of its levels.

You collected 1980 gold pieces.
You spent 1773 gold pieces at shops.

Inventory:

Hand Weapons
 T - the +4 shortbow "Uhovviora" {heavy, rCorr}
   (You found it on level 1 of the Swamp)

   rCorr:     It protects you from acid and corrosion.
Missiles
 x - 5 boomerangs
 y - 4 silver boomerangs
 z - 10 poisoned darts (quivered)
 C - 4 throwing nets
 K - 6 silver javelins
 L - 3 curare-tipped darts
Armour
 b - an orb of light
 k - a +0 cloak
 B - a +2 kite shield of reflection (worn)
 E - the +0 pair of fencer's gloves (worn) {Riposte Dex+3}
   (You acquired it on level 9 of the Dungeon)

   Riposte:   It allows the wearer to riposte with melee weapons, swiftly
   retaliating against missed or blocked melee attacks.
   Dex:       It affects your dexterity (+3).
 J - a +2 hat (worn)
 V - the +2 pair of boots of Atopar (worn) {Drain rElec Str+5 SInv}
   (You bought it in a shop on level 2 of the Orcish Mines)

   Str:       It affects your strength (+5).
   rElec:     It insulates you from electricity.
   SInv:      It lets you see invisible.
   Drain:     It drains your maximum health when unequipped.
 W - a scarf of resistance (worn)
Jewellery
 c - a +6 ring of dexterity (right hand)
 s - a +4 ring of protection
 w - a +5 ring of evasion
 I - a ring of flight
 R - the amulet of the Imp (around neck) {Reflect -Cast rPois rN+++ Dex+3 SH+5}
   (You bought it in a shop on level 10 of the Dungeon)

   [amulet of reflection]

   It reflects blocked missile attacks.
   Dex:       It affects your dexterity (+3).
   rPois:     It protects you from poison.
   rN:        It renders you almost immune to negative energy.
   -Cast:     It prevents spellcasting.
   SH:        It affects your SH (+5).
 U - the ring of Shadows (left hand) {Umbra +Inv Stlth+}
   (You found it on level 5 of the Lair of Beasts)

   [ring of stealth]

   Umbra:     It surrounds you with an aura of shadow, increasing your stealth
   and reducing the accuracy of all others within it.
   +Inv:      It lets you turn invisible.
   Stlth:     It makes you more stealthy.
Wands
 m - a wand of flame (24)
 D - a wand of iceblast (2)
 F - a wand of paralysis (4)
 H - a wand of quicksilver (11)
 N - a wand of polymorph (17)
Scrolls
 d - 6 scrolls of fog
 g - 9 scrolls of teleportation
 h - 4 scrolls of amnesia
 l - 4 scrolls of enchant weapon
 p - 4 scrolls of poison
 q - 4 scrolls of fear
 u - 3 scrolls of identify
 v - 5 scrolls of blinking
 A - a scroll of immolation
 G - a scroll of summoning
 M - 2 scrolls of magic mapping
 P - a scroll of acquirement
Potions
 a - 2 potions of ambrosia
 e - 2 potions of cancellation
 f - 3 potions of heal wounds
 i - 6 potions of lignification
 j - 3 potions of might
 n - 3 potions of flight
 o - a potion of curing
 r - 4 potions of resistance
 t - 3 potions of invisibility
 Q - 3 potions of haste
 S - 3 potions of magic


   Skills:
 + Level 10.1 Fighting
 + Level 8.1 Dodging
 - Level 7.8 Stealth
 - Level 12.0 Shields
 + Level 15.0 Unarmed Combat
 - Level 3.0 Spellcasting
 - Level 3.0 Translocations
 + Level 12.4 Invocations


You had 17 spell levels left.
You knew the following spells:

 Your Spells              Type           Power      Damage    Failure   Level
a - Blink                 Tloc           24%        N/A       13%         2
b - Apportation           Tloc           24%        N/A       9%          1

Your spell library contained the following spells:

 Spells                   Type           Power      Damage    Failure   Level
 Lesser Beckoning         Tloc           24%        N/A       13%         2
 Momentum Strike          Conj/Tloc      14%        3d8       24%         2
 Gell's Gravitas          Tloc           12%        N/A       26%         3
 Teleport Other           Tloc           12%        N/A       26%         3
 Freeze                   Ice            8%         1d3       30%         1
 Necrotise                Necr           8%         1d4       30%         1
 Summon Small Mammal      Summ           8%         N/A       30%         1
 Ensorcelled Hibernation  Hex/Ice        4%         N/A       41%         2
 Passwall                 Tmut/Erth      1%         N/A       41%         2
 Sublimation of Blood     Necr           2%         N/A       41%         2
 Portal Projectile        Hex/Tloc       14%        N/A       43%         3
 Hailstorm                Conj/Ice       2%         3d3       65%         3
 Swiftness                Air            2%         N/A       65%         3
 Tukima's Dance           Hex            2%         N/A       65%         3
 Manifold Assault         Tloc           12%        N/A       65%         4
 Passage of Golubria      Tloc           12%        N/A       65%         4
 Ice Form                 Ice/Tmut       2%         N/A       96%         4
 Leda's Liquefaction      Hex/Erth       1%         N/A       96%         4
 Petrify                  Tmut/Erth      2%         N/A       96%         4
 Blade Hands              Tmut           1%         N/A       100%        5
 Irradiate                Conj/Tmut      1%         3d12      100%        5
 Lee's Rapid Deconstruct  Erth           1%         3d4*      100%        5
 Yara's Violent Unravell  Hex/Tmut       1%         3d3       100%        5
 Simulacrum               Ice/Necr       1%         N/A       100%        6
 Statue Form              Tmut/Erth      1%         N/A       100%        6
 Ozocubu's Refrigeration  Ice            1%         4d7       100%        7
 Storm Form               Tmut/Air       1%         N/A       100%        7
 Chain Lightning          Conj/Air       1%         3d1       100%        9
 Fire Storm               Conj/Fire      1%         7d1       100%        9
 Polar Vortex             Ice            1%         N/A       100%        9
 Shatter                  Erth           1%         3d5*      100%        9


Dungeon Overview and Level Annotations

Branches:
Dungeon (11/15)            Temple (1/1) D:5            Lair (5/5) D:9
  Swamp (1/4) Lair:3        Snake (0/4) Lair:3        Slime (0/5) Lair:5
    Orc (2/2) D:9             Elf (0/3) Orc:2

Altars:
Ashenzari
Cheibriados
Dithmenos
Elyvilon
Fedhas
Gozag
Hepliaklqana
Kikubaaqudgha
Makhleb
Nemelex Xobeh
Okawaru
Qazlal
Ru
Sif Muna
Trog
Uskayaw
Vehumet
Wu Jian
Xom
Yredelemnul
Zin
The Shining One
Jiyva

Shops:
D:4 [   D:10 ?*   Orc:2 ([[(

Annotations:
D:9 exclusion: obsidian statue
D:11 Amaemon
Lair:1 2 transporters


Innate Abilities, Weirdness & Mutations

You can breathe blasts of scalding, opaque steam.
Your pale cyan-grey scales are hard. (AC +9)
You cannot fit into any form of body armour.
You are cold-blooded and may be slowed by cold attacks.
You are immune to the effects of steam.


Message History

The spray of wooden splinters hits you!!
You emit a cloud of dark smoke.
The eleionoma closely misses you.
You pummel the eleionoma!!
You tail-slap the eleionoma, but do no damage.
The eleionoma is moderately wounded.
The eleionoma hits you but does no damage.
You punch the eleionoma!
The eleionoma is heavily wounded.
The eleionoma splashes around in the water.
You punch the eleionoma!
The eleionoma is heavily wounded.
The eleionoma hurls a spray of splinters at you.
The spray of wooden splinters hits you!!!
* * * LOW HITPOINT WARNING * * *
Your unstable footing causes you to fumble your attack.
Unknown command.
Aiming: Breathe Steam (1% risk of failure)
Press: ? - help, Shift-Dir - straight line, f - eleionoma
Aim: an eleionoma (black smoke, heavily wounded, umbra, 74% to hit)
You exhale a blast of scalding steam.
The ball of steam hits the eleionoma!
The eleionoma is severely wounded.
You block the eleionoma's attack.
Aiming: Paralyse
Press: ? - help, Shift-Dir - straight line, f/p - eleionoma
Aim: an eleionoma (black smoke, severely wounded, umbra, chance to affect: 1%)
Okay, then.
Unknown command.
You punch the eleionoma!
You tail-slap the eleionoma, but do no damage.
The eleionoma is severely wounded.
The eleionoma splashes around in the water.
You punch the eleionoma!
The eleionoma is almost dead.
The eleionoma closely misses you.
You punch the eleionoma!
Your tail-slap misses the eleionoma.
The eleionoma is almost dead.
The eleionoma hurls a spray of splinters at you.
The spray of wooden splinters hits you!!
You die...

♣♣♣♣♣ ....♣♣ ~~..~♣♣ ♣♣♣♣♣♣
~~....♣♣ ♣~.~~♣♣♣♣♣♣♣♣♣
~~~~~..♣ ♣.........♣~.♣
~~§~~~~♣♣♣♣♣.~§§§~...♣~<♣♣
.........~♣§.~§§§§§~.♣♣).♣♣
§♣~........~.~§§§§§~~.....♣
....~~~.~~..§.§§@§§~~.~~..♣
~...~~~~~~~~~.§§R§§......♣♣
~~....~~~~~~§~§§§~.§~♣♣♣♣♣
~....~.....~~~~.~~..~♣♣♣
....~......~~~~§§§...~.♣
♣....~....~§~~~..§.♣...♣♣
♣~~...♣....~~~....~♣♣♣..♣♣♣♣
..~....♣...~§~...♣♣♣♣..~§.~♣
~....~♣♣♣♣♣^.~~..~♣♣~~~.~~.♣


You could see an eleionoma.

Vanquished Creatures
  Gastronok (D:9)
  An eleionoma (Lair:3)
  2 bunyips (Swamp:1)
  8 hydras
  A centaur warrior (Orc:2)
  3 two-headed ogres
  2 boulder beetles
  2 alligators (Swamp:1)
  A merfolk avatar (Lair:5)
  A death yak (Lair:4)
  Urug (Lair:1)
  An orc high priest (Orc:2)
  Sonja (Lair:1)
  2 goliath frogs (Swamp:1)
  A skyshark (Lair:3)
  2 harpies (Lair:5)
  4 orc knights
  2 orc sorcerers (Orc:1)
  A manticore (D:11)
  2 cyclopes (Orc:2)
  2 will-o-the-wisps (Swamp:1)
  11 elephants
  4 black mambas
  Joseph (D:9)
  The ghost of rozman the Chopper, a novice MiMo of Okawaru (D:6)
  A torpor snail (Lair:3)
  Maggie (Lair:1)
  An orange demon (D:11)
  10 cane toads
  5 komodo dragons
  5 rime drakes
  A wind drake (Lair:5)
  3 trolls
  A tyrant leech (Swamp:1)
  A polar bear (Lair:5)
  3 hornets
  16 blink frogs
  Prince Ribbit (D:7)
  7 dream sheep (Lair:3)
  A snapping turtle (Lair:5)
  2 shadows
  A vampire (D:11)
  3 spriggans
  15 yaks
  6 wyverns
  3 basilisks
  4 steam dragons
  A warg (Orc:1)
  4 swamp worms
  11 water moccasins
  Duvessa (D:7)
  31 orc warriors
  4 sky beasts
  4 ice beasts (D:7)
  4 black bears
  3 ogres
  6 wolves (Lair:3)
  14 centaurs
  A phantom (D:5)
  A kobold brigand (D:9)
  11 bullfrogs
  4 gnoll sergeants
  A scorpion (D:5)
  Dowan (D:7)
  18 wights
  11 killer bees
  A howler monkey (D:6)
  Crazy Yiuf (D:6)
  A jelly (D:5)
  7 orc priests
  2 gnoll boudas
  4 hounds
  An iguana (D:5)
  A sleepcap (D:7)
  16 orc wizards
  21 gnolls
  8 adders
  2 shadow imps
  2 white imps
  A worm (D:4)
  4 dart slugs
  43 orcs
  3 endoplasms
  A giant cockroach (D:2)
  10 goblins
  5 hobgoblins
  9 ball pythons
  6 bats
  3 frilled lizards (D:1)
  11 kobolds
  A butterfly (Lair:3)
444 creatures vanquished.

Vanquished Creatures (others)
  A bloated husk (Swamp:1)
  A kobold brigand (D:8)
  An orc (Orc:1)
  A kobold (D:8)
4 creatures vanquished.

Grand Total: 448 creatures vanquished

Notes
Turn   | Place    | Note
-------+----------+-------------------------------------------
     0 | D:1      | pkoi the Draconian Monk began the quest for the Orb.
     0 | D:1      | Reached XP level 1. HP: 19/19 MP: 1/1
   171 | D:1      | Reached XP level 2. HP: 26/26 MP: 2/2
   326 | D:1      | Reached skill level 4 in Unarmed Combat
   724 | D:2      | Reached XP level 3. HP: 31/31 MP: 3/3
  1534 | D:3      | Found a radiant altar of Vehumet.
  2105 | D:4      | You fall into a shaft and drop 3 floors!
  2116 | D:7      | Noticed Duvessa
  2169 | D:7      | Killed Duvessa
  2170 | D:7      | Reached skill level 6 in Unarmed Combat
  2170 | D:7      | Reached XP level 4. HP: 21/38 MP: 4/4
  2170 | D:7      | Reached XP level 5. HP: 25/45 MP: 5/5
  2190 | D:7      | Noticed Dowan
  2212 | D:7      | Killed Dowan
  2579 | D:6      | Found a runed translucent door.
  2580 | D:6      | Noticed rozman's ghost (novice MiMo)
  2798 | D:6      | Noticed a water moccasin
  2800 | D:5      | Entered Level 5 of the Dungeon
  2800 | D:5      | Noticed a centaur
  2811 | D:5      | Killed a centaur
  2812 | D:5      | Reached skill level 7 in Unarmed Combat
  2812 | D:5      | Reached XP level 6. HP: 40/51 MP: 6/6
  3071 | D:6      | Killed a water moccasin
  3354 | D:5      | Noticed a sky beast
  3380 | D:5      | Killed a sky beast
  3381 | D:5      | Reached skill level 8 in Unarmed Combat
  3381 | D:5      | Your scales start taking on a pale cyan-grey colour.
  3381 | D:5      | Reached XP level 7. HP: 15/57 MP: 7/7
  3381 | D:5      | Gained mutation: You are immune to the effects of steam.
                  | [Pale Draconian growth]
  3746 | D:5      | Reached skill level 9 in Unarmed Combat
  4235 | D:4      | Reached XP level 8. HP: 56/64 MP: 8/8
  4273 | D:4      | Found Tiatz's Antique Armour Boutique.
  4848 | D:5      | Reached skill level 10 in Unarmed Combat
  4946 | D:5      | Found a staircase to the Ecumenical Temple.
  4959 | Temple   | Entered the Ecumenical Temple
  5201 | Temple   | Became a worshipper of Dithmenos the Shadowed
  5201 | Temple   | Reached * piety under Dithmenos
  5201 | Temple   | Reached ** piety under Dithmenos
  5646 | D:6      | Reached skill level 1 in Stealth
  5646 | D:6      | Reached skill level 1 in Invocations
  6866 | D:6      | Found a runed translucent door.
  6867 | D:6      | Noticed Crazy Yiuf
  6875 | D:6      | Killed Crazy Yiuf
  6877 | D:6      | Identified the +10 hammer of Dismay {drain, rElec rF- SInv
                  | Stlth+}
  6989 | D:7      | Reached skill level 5 in Fighting
  6989 | D:7      | Reached XP level 9. HP: 70/74 MP: 9/11
  7223 | D:7      | Found a basalt altar of Yredelemnul.
  7224 | D:7      | Found a hide-covered altar of Uskayaw.
  7224 | D:7      | Found a hazy altar of Hepliaklqana.
  7225 | D:7      | Found a stormy altar of Qazlal.
  7225 | D:7      | Found a glowing silver altar of Zin.
  7225 | D:7      | Found a blossoming altar of Fedhas.
  7225 | D:7      | Found a white marble altar of Elyvilon.
  7533 | D:7      | Noticed Prince Ribbit
  7560 | D:7      | Killed Prince Ribbit
  7793 | D:7      | Reached skill level 5 in Dodging
  7843 | D:8      | Reached *** piety under Dithmenos
  7862 | D:8      | Reached skill level 1 in Shields
  8012 | D:7      | Reached skill level 11 in Unarmed Combat
  8193 | D:8      | Reached skill level 5 in Invocations
  8360 | D:8      | Reached XP level 10. HP: 78/83 MP: 13/13
  8397 | D:8      | Found an iron altar of Okawaru.
  9000 | D:9      | Reached skill level 5 in Stealth
  9010 | D:9      | Noticed Joseph
  9024 | D:9      | Killed Joseph
  9031 | D:9      | Identified a scroll of acquirement
  9033 | D:9      | Acquired the +0 pair of fencer's gloves {Riposte Dex+3}
  9033 | D:9      | Found the +0 pair of fencer's gloves {Riposte Dex+3}
  9187 | D:9      | Reached **** piety under Dithmenos
  9315 | D:9      | Found a staircase to the Orcish Mines.
  9525 | D:9      | Noticed a two-headed ogre
  9564 | D:9      | Killed a two-headed ogre
  9761 | D:9      | Noticed a boulder beetle
 10049 | D:9      | Killed a boulder beetle
 10118 | D:9      | Noticed an obsidian statue
 10152 | D:9      | Found a staircase to the Lair.
 10358 | D:10     | Entered Level 10 of the Dungeon
 10358 | D:10     | Found Neyfuz's Magic Scroll Shoppe.
 10399 | D:10     | Bought a scroll of summoning for 142 gold pieces
 10399 | D:10     | Bought a scroll of blinking for 112 gold pieces
 10399 | D:10     | Bought a scroll of blinking for 112 gold pieces
 10415 | D:10     | Noticed a two-headed ogre
 10428 | D:10     | Killed a two-headed ogre
 10429 | D:10     | Reached XP level 11. HP: 50/91 MP: 15/15
 10987 | D:10     | Noticed a two-headed ogre
 11210 | D:10     | Reached skill level 5 in Shields
 11211 | D:10     | Found Cuox's Neck Hole.
 11345 | D:10     | Killed a two-headed ogre
 11346 | D:10     | Reached skill level 12 in Unarmed Combat
 11671 | Lair:1   | Entered Level 1 of the Lair of Beasts
 11672 | Lair:1   | Noticed Gastronok
 11910 | D:9      | Killed Gastronok
 12185 | Lair:1   | Noticed Urug
 12206 | Lair:1   | Killed Urug
 12325 | Lair:1   | Noticed Sonja
 12328 | Lair:1   | Killed Sonja
 12562 | Lair:1   | Found a transporter.
 12782 | Lair:1   | Noticed Maggie
 12927 | D:11     | Noticed Amaemon
 13577 | D:11     | Reached skill level 13 in Unarmed Combat
 13956 | Lair:1   | Reached XP level 12. HP: 100/104 MP: 16/16
 14178 | Lair:1   | Noticed a boulder beetle
 14179 | Lair:1   | Found a transporter.
 14180 | Lair:1   | Noticed a boulder beetle
 14454 | Lair:1   | Killed Maggie
 15093 | Lair:2   | Reached ***** piety under Dithmenos
 15094 | Lair:2   | Reached skill level 10 in Fighting
 15353 | Lair:2   | Noticed a five-headed hydra
 15353 | Lair:2   | Noticed a death yak
 15385 | Lair:2   | Noticed an eight-headed hydra
 15530 | Lair:2   | Noticed a seven-headed hydra
 15817 | Lair:2   | Noticed a five-headed hydra
 16038 | Lair:3   | Reached skill level 14 in Unarmed Combat
 16398 | Lair:3   | Identified the +2 pair of gloves of the Worm {Rampage *Slow
                  | rC+ Int+3}
 16484 | Lair:3   | Found a staircase to the Snake Pit.
 16861 | Lair:3   | Noticed an eight-headed hydra
 16861 | Lair:3   | Noticed a five-headed hydra
 16957 | Lair:4   | Noticed an eight-headed hydra
 17328 | Lair:4   | Killed an eight-headed hydra
 17462 | Lair:2   | Killed an eight-headed hydra
 17463 | Lair:2   | Reached XP level 13. HP: 98/113 MP: 18/18
 17556 | Lair:2   | Reached skill level 10 in Shields
 18064 | Lair:3   | Found a staircase to the Swamp.
 19183 | Lair:5   | Entered Level 5 of the Lair of Beasts
 19913 | Lair:5   | Identified the staff of cold "Egadghiash" {rC+ Will+ Dex+3}
 19949 | Lair:5   | Learned a level 2 spell: Blink
 20058 | Lair:5   | Found a viscous altar of Jiyva.
 20059 | Lair:5   | Found a staircase to the Slime Pits.
 20261 | Lair:5   | Found the ring of Shadows {Umbra +Inv Stlth+}
 20349 | Lair:5   | Reached skill level 10 in Invocations
 20715 | Lair:5   | Learned a level 1 spell: Apportation
 20854 | Orc:1    | Entered Level 1 of the Orcish Mines
 21111 | D:9      | Reached skill level 1 in Translocations
 21261 | Orc:1    | Reached skill level 1 in Spellcasting
 21558 | Orc:2    | Entered Level 2 of the Orcish Mines
 22137 | Orc:2    | Reached XP level 14. HP: 21/121 MP: 21/21
 23279 | Orc:2    | Found a staircase to the Elven Halls.
 24056 | Orc:2    | Found Plog's Armour Shoppe.
 24056 | Orc:2    | Found Ytwekhlol's Antique Armour Boutique.
 24058 | Orc:2    | Found Daghol's Weapon Shop.
 24060 | Orc:2    | Found Yhoebiase's Weapon Emporium.
 24065 | Orc:2    | Bought a pair of faintly humming boots for 285 gold pieces
 24065 | Orc:2    | Identified the +2 pair of boots of Atopar {Drain rElec
                  | Str+5 SInv} (You bought it in a shop on level 2 of the
                  | Orcish Mines)
 24404 | Orc:2    | Found a shimmering blue altar of Sif Muna.
 24508 | Orc:2    | Got Sif Muna's Elucidation of Frost
 24698 | Swamp:1  | Entered Level 1 of the Swamp
 25819 | D:10     | Bought the amulet of the Imp {Reflect -Cast rPois rN+++
                  | Dex+3 SH+5} for 738 gold pieces
 25824 | D:10     | Bought a scarf of resistance for 384 gold pieces
 25985 | D:6      | Killed rozman's ghost
 26361 | Swamp:1  | Reached XP level 15. HP: 126/126 MP: 22/24
 26386 | Swamp:1  | Reached skill level 15 in Unarmed Combat
 26426 | Swamp:1  | Identified the +4 shortbow "Uhovviora" {heavy, rCorr}
 26499 | Swamp:1  | Killed from afar by an eleionoma

Illustrated notes

Levels and vault maps discovered:
D:1:      minmay_arrival_radiant_lines, layout_basic
D:2:      layout_loops_ring, grunt_ministairs_1
D:3:      layout_basic, mainiacjoe_overflow_concentric_impassable
D:4:      layout_gridville, serial_shops, nicolae_square_shop,
          minmay_strange_pillars, minmay_misc_feat_ornament
D:5:      layout_rooms, minmay_temple_entry_grid
D:6:      layout_basic, ebering_ghost_sewer_d, uniq_crazy_yiuf_cottage
D:7:      layout_loops_cross, grunt_temple_overflow_open,
          kennysheep_generic_room_2, uniq_duvessa, uniq_prince_ribbit1
D:8:      layout_rooms, mainiacjoe_overflow_catwalk
D:9:      layout_basic, lair_entry_dummy, minmay_orc_entry_temple_small,
          minmay_protected_statue, uniq_joseph
D:10:     kennysheep_steamy, layout_irregular_city, serial_shops, shop,
          minmay_hedge_maze, nicolae_shop_sticking_my_neck_out
D:11:     layout_stronghold, chequers_serial_rivers_micro_a, uniq_lodul,
          uniq_amaemon
Temple:   oiseaux_autumnal_temple
Lair:1:   gammafunk_boulding_lane, layout_misc_corridors, uniq_urug, uniq_sonja,
          uniq_gastronok, uniq_maggie
Lair:2:   layout_gridlike, st_stairs_7, nzn_random_ring
Lair:3:   layout_concentric_octagons, palyth_hydra_swamp_entry,
          dummy_snake_entry, guppyfry_lair_drakes, grunt_megastairs_3,
          lemuel_fruit_fields
Lair:4:   layout_cave_pods
Lair:5:   gammafunk_lair_ancient_temple, layout_cave_pods, slime_entry_1,
          infiniplex_staircase_pool
Swamp:1:  layout_basic_swamp, evilmike_swamp_ruin_house_1, swamp_pool1
Orc:1:    layout_diamond_mine
Orc:2:    st_orc_rangers, layout_diamond_mine, led_sif_book

Skill      XL: |  1  2  3  4  5  6  7  8  9 10 11 12 13 14 15 |
---------------+----------------------------------------------+-----
Unarmed Combat | 4 6 7 8 9 10 11 13 14 15 | 15.0
Dodging        | 3 4 5 6 8 |  8.1
Fighting       | 5 6 9 10 | 10.1
Stealth        | 2 4 6 7 |  7.8
Invocations    | 2 5 6 7 10 12 | 12.4
Shields        | 2 4 7 9 12 | 12.0
Translocations | 2 3 |  3.0
Spellcasting   | 1 3 |  3.0

Action                     |  1- 3 |  4- 6 |  7- 9 | 10-12 | 13-15 || total
---------------------------+-------+-------+-------+-------+-------++-------
  Melee: Unarmed           |   129 |    67 |   321 |   610 |   587 ||  1714
         Tailslap          |    20 |    13 |    45 |   133 |   156 ||   367
         Punch             |     2 |     2 |    13 |       |       ||    17
  Throw: Boomerang         |       |       |     1 |       |    43 ||    44
         Dart              |       |       |     3 |    77 |    57 ||   137
   Cast: Apportation       |       |       |       |       |     6 ||     6
Ability: Breathe Steam     |       |       |    12 |    41 |    34 ||    87
  Evoke: Wand              |     6 |     8 |       |     2 |       ||    16
    Use: Scroll            |     8 |       |     7 |     8 |     4 ||    27
         Potion            |     3 |       |     1 |       |     1 ||     5
   Stab: Paralysed         |     9 |       |       |       |       ||     9
         Sleeping          |       |       |     3 |    12 |     3 ||    18
         Distracted        |       |       |       |     1 |     5 ||     6
 Armour: Skin              |    26 |    28 |    66 |   111 |   132 ||   363
  Dodge: Dodged            |    86 |    34 |   253 |   391 |   307 ||  1071
  Block: Kite shield       |       |       |    60 |   282 |   376 ||   718
         Reflection        |       |       |       |     1 |    47 ||    48
Riposte: Unarmed           |       |       |       |   160 |   159 ||   319
